[Event "Titled Tuesday Blitz May 24 Late 2022"]
[White "Remolar Gallen, Jose"]
[Black "Shirov, Alexei"]
[WhiteFideId "2215187"]
[BlackFideId "2209390"]
[WhiteElo "2205"]
[BlackElo "2678"]
[Result "0-1"]
[Round "02"]
[TimeControl "180+1"]
[Date "2022.05.25"]
[WhiteClock "0:00:02"]
[BlackClock "0:01:06"]

1. d4 d5 2. c4 c6 3. Nc3 Nf6 4. Nf3 e6 5. Bg5 h6 6. Bxf6 Qxf6 7. e3 g6 8. Be2 dxc4 9. Bxc4 Bg7 10. O-O O-O 11. Qe2 Nd7 12. Rac1 Qe7 13. Rfd1 b5 14. Bd3 Bb7 15. Ne4 e5 16. dxe5 Rad8 17. Bb1 Nxe5 18. Rxd8 Rxd8 19. Nxe5 Qxe5 20. b4 Qb2 21. Qe1 Bc8 22. h3 Be6 23. Rxc6 Bc4 24. Nd6 Bc3 25. Qd1 Bxb4 26. Rc8 Rxc8 27. Nxc8 a5 28. h4 h5 29. g4 Be2 30. Qd8+ Kg7 0-1


[Site "https://www.chess.com"]

[Event "Titled Tuesday Blitz May 24 Late 2022"]
[White "Riff, Vincent"]
[Black "Dubov, Daniil"]
[WhiteFideId "617776"]
[BlackFideId "24126055"]
[WhiteElo "2377"]
[BlackElo "2791"]
[Result "0-1"]
[Round "02"]
[TimeControl "180+1"]
[Date "2022.05.24"]
[WhiteClock "0:00:18"]
[BlackClock "0:00:36"]

1. d4 Nf6 2. Bf4 d5 3. e3 g6 4. Nf3 Bg7 5. Be2 O-O 6. h3 c5 7. c3 Nc6 8. O-O b6 9. Nbd2 Bb7 10. Ne5 Nd7 11. Nxd7 Qxd7 12. Nf3 Rfe8 13. Bb5 a6 14. Bxc6 Bxc6 15. Ne5 Qc8 16. Nxc6 Qxc6 17. Qf3 b5 18. b4 cxd4 19. cxd4 Rac8 20. Kh2 e6 21. Qg3 Qd7 22. Bd6 Rc4 23. Bc5 e5 24. Rad1 e4 25. Kh1 f5 26. Ra1 Bf6 27. a4 bxa4 28. Qd6 Qxd6 29. Bxd6 Re6 30. Bc5 f4 31. Rxa4 fxe3 32. fxe3 Rc3 33. b5 axb5 34. Ra8+ Kg7 35. Ra7+ Kg8 36. Ra8+ Kf7 37. Ra7+ Ke8 38. Rxh7 Ra6 39. Rb1 Rxe3 40. Rxb5 Ra8 41. Rbb7 Re1+ 42. Kh2 Rf1 43. Be7 Bxd4 44. Bd6 Bf6 45. Rh6 Rd8 46. Rxg6 Rd7 47. Rb8+ Kf7 0-1


[Site "https://www.chess.com"]

[Event "Titled Tuesday Blitz May 24 Late 2022"]
[White "Rios Escobar, Adan"]
[Black "Gomez Dieguez, David"]
[WhiteFideId "3403645"]
[BlackFideId "22223630"]
[WhiteElo "2478"]
[BlackElo "2115"]
[Result "1/2-1/2"]
[Round "02"]
[TimeControl "180+1"]
[Date "2022.05.25"]
[WhiteClock "0:00:08"]
[BlackClock "0:00:15"]

1. d4 Nf6 2. g3 d5 3. Nf3 c5 4. Bg2 cxd4 5. O-O h6 6. b3 e6 7. Bb2 Be7 8. Nxd4 O-O 9. Nd2 Nc6 10. Nxc6 bxc6 11. c4 a5 12. e3 a4 13. Qe2 a3 14. Be5 Ba6 15. Rac1 Nd7 16. Ba1 Bf6 17. Rfd1 Bxa1 18. Rxa1 Qf6 19. Bf1 Qb2 20. Nf3 Qxe2 21. Bxe2 Rfc8 22. Rac1 Nf6 23. Ne5 Kf8 24. Kf1 Ke7 25. Ke1 Nd7 26. Nxd7 Kxd7 27. cxd5 cxd5 28. Rxc8 Kxc8 29. Rc1+ Kd7 30. h4 Bxe2 31. Kxe2 Kd6 32. Kd3 e5 33. e4 d4 34. Rc4 g6 35. f4 f6 36. Rb4 Rc8 37. Ra4 Rc3+ 38. Kd2 Rxg3 39. fxe5+ Kxe5 40. Rxa3 Kxe4 41. Ra6 Rg2+ 42. Kc1 f5 43. a4 d3 44. a5 Ke3 45. Re6+ Kd4 46. a6 Kc3 47. Rc6+ Kxb3 48. a7 Ra2 49. Rxg6 Rxa7 50. Kd2 Rf7 51. Rxh6 Kc4 52. Rc6+ Kd5 53. Rc3 Ke4 54. Rxd3 f4 55. Rc3 f3 56. Ke1 Kf4 57. Kf2 Kg4 58. Rc4+ Kh3 59. h5 Rf5 60. Rd4 Rxh5 61. Kxf3 Rf5+ 62. Ke4 Rf7 63. Rd8 Re7+ 64. Kf4 Rf7+ 65. Ke3 Re7+ 66. Kf3 Rf7+ 67. Ke2 Re7+ 68. Kd3 Rf7 69. Kd4 Kg4 70. Re8 Rf4+ 71. Ke5 Rf5+ 72. Ke6 Rf4 73. Rg8+ Kf3 74. Rg1 Re4+ 75. Kd5 Rf4 76. Rf1+ Kg4 77. Rc1 Kf5 78. Kd6 Kg5 79. Ke6 Kg4 80. Rc2 Kf3 81. Rc1 Re4+ 82. Kd5 Re2 83. Rc3+ Kf2 84. Rc1 Re3 85. Kd4 Re1 86. Rc8 Re2 87. Rf8+ Kg3 88. Rg8+ Kf4 89. Rf8+ Kg5 90. Kd3 Re7 91. Rf1 Rd7+ 92. Ke4 Re7+ 93. Kd5 Rd7+ 94. Ke6 Ra7 95. Rg1+ Kf4 96. Rf1+ Ke3 97. Kd5 Ke2 98. Rf8 Ke3 99. Re8+ Kd3 100. Rd8 Ra5+ 101. Kc6+ Ke2 102. Kb6 Rf5 103. Re8+ Kf3 104. Rd8 Ke4 105. Kc6 Re5 106. Rd7 Re6+ 107. Kc5 Rg6 108. Re7+ Kf5 109. Kc4 Re6 110. Rf7+ Ke5 111. Rf1 1/2-1/2


[Site "https://www.chess.com"]

[Event "Titled Tuesday Blitz May 24 Late 2022"]
[White "Romanchuk, Viktor"]
[Black "Yurasova, Daria"]
[WhiteFideId "14109271"]
[BlackFideId "34146919"]
[WhiteElo "2242"]
[BlackElo "2021"]
[Result "1-0"]
[Round "02"]
[TimeControl "180+1"]
[Date "2022.05.25"]
[WhiteClock "0:01:35"]
[BlackClock "0:01:45"]

1. d4 d5 2. c4 c6 3. Nc3 Nf6 4. e3 e6 5. Nf3 Bd6 6. Qc2 O-O 7. b3 Nbd7 8. Bb2 Re8 9. Be2 e5 10. dxe5 Nxe5 11. O-O-O Nxf3 12. gxf3 dxc4 13. Bxc4 Qe7 14. Rhg1 Ba3 15. Ne4 Bxb2+ 16. Qxb2 Kh8 17. Nxf6 Qxf6 18. Qxf6 gxf6 19. Bxf7 Rf8 20. Bc4 Bf5 21. e4 Bg6 22. Rd7 b5 23. Be6 Rad8 24. Rgd1 Rxd7 25. Rxd7 a5 26. Rc7 Re8 27. Rxc6 Kg7 28. Kd2 a4 29. bxa4 bxa4 30. Ke3 Rb8 31. Rc4 a3 32. Rc3 Rb6 33. Bd5 f5 34. Rxa3 fxe4 35. fxe4 1-0


[Site "https://www.chess.com"]

[Event "Titled Tuesday Blitz May 24 Late 2022"]
[White "Roque Sola, Gisela"]
[Black "Barria Zuniga, Daniel"]
[WhiteFideId "5120241"]
[BlackFideId "3400816"]
[WhiteElo "1863"]
[BlackElo "2414"]
[Result "0-1"]
[Round "02"]
[TimeControl "180+1"]
[Date "2022.05.25"]
[WhiteClock "0:02:10"]
[BlackClock "0:02:36"]

1. e4 g6 2. d4 Bg7 3. Nf3 c5 4. Nc3 Qa5 5. Bd2 cxd4 6. Nd5 Qd8 7. Bc4 Nc6 8. O-O e6 9. Re1 d6 10. Nb4 Nge7 11. Bg5 Nxb4 0-1


[Site "https://www.chess.com"]

[Event "Titled Tuesday Blitz May 24 Late 2022"]
[White "Roque Sola, Jose Luis"]
[Black "Munoz, Francisco Javier"]
[WhiteFideId "5120390"]
[BlackFideId "128368"]
[WhiteElo "1983"]
[BlackElo "2383"]
[Result "1/2-1/2"]
[Round "02"]
[TimeControl "180+1"]
[Date "2022.05.25"]
[WhiteClock "0:00:43"]
[BlackClock "0:02:01"]

1. c4 Nf6 2. Nc3 g6 3. Nf3 Bg7 4. g3 O-O 5. Bg2 d6 6. O-O e5 7. Rb1 c6 8. b4 a6 9. a4 h6 10. d3 Kh7 11. b5 axb5 12. axb5 Be6 13. Bb2 Nbd7 14. Qc2 d5 15. c5 d4 16. bxc6 bxc6 17. Ne4 Nxe4 18. dxe4 Qa5 19. Ra1 Qxc5 20. Qxc5 Nxc5 21. Ba3 Rxa3 22. Rxa3 Nxe4 23. Nxd4 exd4 24. Bxe4 c5 25. Rc1 c4 26. Ra8 Rxa8 27. Bxa8 g5 28. Bb7 Kg6 29. Ba6 c3 30. Bd3+ f5 31. e3 dxe3 32. fxe3 h5 33. Kf2 g4 34. e4 Bd4+ 35. Ke2 Kg5 36. exf5 Bd5 37. Rf1 h4 38. gxh4+ Kxh4 39. f6 Bf3+ 40. Rxf3 gxf3+ 41. Kxf3 Bxf6 42. Bf5 Be5 43. h3 Kg5 44. Bc2 Bg7 45. Ke2 Kf4 46. Kd1 Kg3 47. Bf5 Kf2 48. h4 Ke3 49. Kc2 Kf4 50. Bg6 Bf6 51. h5 Kg5 52. Bf7 Bg7 53. Be8 Kh6 54. Bf7 Bf6 55. Be8 Bh8 56. Bf7 Be5 57. Be8 Bb8 58. Bf7 Be5 59. Be8 Kg5 60. Bf7 Bh8 61. Be8 Kf6 62. Bg6 Ke7 63. Bd3 Kd6 64. Bg6 Kc5 65. Be8 Kb4 66. Bf7 Kc5 67. Be8 Kd4 68. Bf7 Ke3 69. Be8 Kf2 70. Bf7 Kg3 71. Be8 Kf4 72. Bf7 Kg5 73. Bg6 Kf6 74. Be8 Ke7 75. Bg6 Ke6 76. Be8 Kd6 77. Bg6 Kd7 78. Bf7 Ke7 79. Bg6 Kd6 80. Bf7 Kd7 81. Bg6 Ke7 82. Bd3 Kf8 83. Bg6 Kg7 84. Kxc3 Kh6+ 85. Kd3 Kg7 86. Ke4 Kh6 87. Kf5 Ba1 88. Bf7 Bh8 89. Bg6 Ba1 90. Bf7 Bb2 91. Bg6 Ba1 1/2-1/2


[Site "https://www.chess.com"]

[Event "Titled Tuesday Blitz May 24 Late 2022"]
[White "Rozman, Levy"]
[Black "Kostiukov, Alexandr"]
[WhiteFideId "2039877"]
[BlackFideId "14108100"]
[WhiteElo "2376"]
[BlackElo "2202"]
[Result "0-1"]
[Round "02"]
[TimeControl "180+1"]
[Date "2022.05.25"]
[WhiteClock "0:01:20"]
[BlackClock "0:01:57"]

1. e4 c5 2. a3 g6 3. Nc3 Bg7 4. Bc4 e6 5. d3 Ne7 6. Ba2 d5 7. h4 h6 8. h5 g5 9. f4 f6 10. Nf3 Nbc6 11. Qe2 Nd4 12. Qf2 Nxf3+ 13. Qxf3 d4 14. Ne2 O-O 15. Bd2 Kh8 16. Qg3 e5 17. fxg5 fxg5 18. Ng1 Qd6 19. Nf3 Be6 20. Nxg5 Bxa2 21. Rxa2 hxg5 22. h6 Bf6 23. Ke2 Qe6 24. Raa1 Ng6 25. Raf1 Nf4+ 26. Kd1 Rg8 27. Qf3 Qa2 28. g3 g4 29. Qf2 Qb1+ 30. Bc1 Bg5 31. h7 Rgf8 32. Qd2 Nh3 0-1


[Site "https://www.chess.com"]

[Event "Titled Tuesday Blitz May 24 Late 2022"]
[White "Rustemov, Alexander"]
[Black "Melikyan, Gnel"]
[WhiteFideId "4119002"]
[BlackFideId "54109990"]
[WhiteElo "2851"]
[BlackElo "1772"]
[Result "1-0"]
[Round "02"]
[TimeControl "180+1"]
[Date "2022.05.24"]
[WhiteClock "0:00:42"]
[BlackClock "0:00:14"]

1. d4 Nf6 2. c4 g6 3. Nf3 Bg7 4. g3 O-O 5. Bg2 d6 6. Nc3 c6 7. O-O Qb6 8. h3 Qa6 9. Nd2 Nbd7 10. b3 Rb8 11. a4 Qa5 12. Qc2 c5 13. d5 Re8 14. e4 Nxd5 15. exd5 Qxc3 16. Ra2 Qxc2 17. Rxc2 Nf8 18. g4 e6 19. Ne4 Be5 20. Bb2 Bxb2 21. Rxb2 Rd8 22. Rd2 e5 23. f4 f5 24. gxf5 gxf5 25. Nxd6 Rxd6 26. fxe5 Rg6 27. Kh2 Rg7 28. Rdf2 Ng6 29. e6 Nh4 30. Bh1 Bxe6 31. dxe6 Re8 32. Rf4 Ng6 33. Rxf5 b6 34. Bd5 Rge7 35. Rf7 Rf8 36. Kg3 Rfxf7 37. exf7+ Kg7 38. h4 h5 39. Rf5 Re3+ 40. Kf2 Rxb3 41. Rg5 Rb2+ 42. Ke3 Rb3+ 43. Ke4 1-0


[Site "https://www.chess.com"]

[Event "Titled Tuesday Blitz May 24 Late 2022"]
[White "Rychagov, Andrey"]
[Black "Janturin, Artur"]
[WhiteFideId "4119932"]
[BlackFideId "4130022"]
[WhiteElo "2500"]
[BlackElo "2410"]
[Result "1-0"]
[Round "02"]
[TimeControl "180+1"]
[Date "2022.05.25"]
[WhiteClock "0:00:28"]
[BlackClock "0:00:01"]

1. d4 e6 2. c4 b6 3. a3 Bb7 4. Nc3 f5 5. Bf4 Nf6 6. e3 g6 7. Nf3 Bg7 8. Be2 O-O 9. h4 h6 10. d5 Na6 11. b4 Ne4 12. Nxe4 Bxa1 13. Qxa1 fxe4 14. Bxh6 Qf6 15. Qxf6 Rxf6 16. Ng5 exd5 17. cxd5 Re8 18. Bc4 b5 19. Bb3 d6 20. Ne6 Re7 21. Bg5 Rfxe6 22. dxe6 Re8 23. e7+ d5 24. f3 exf3 25. gxf3 c5 26. Bc2 Kg7 27. h5 gxh5 28. Rxh5 d4 29. Rh7+ Kg8 30. Bf6 cxb4 31. Rg7+ Kh8 32. Bg6 1-0


[Site "https://www.chess.com"]

[Event "Titled Tuesday Blitz May 24 Late 2022"]
[White "Sargsyan, Anna M."]
[Black "Steinberg, Nitzan"]
[WhiteFideId "13308130"]
[BlackFideId "2801795"]
[WhiteElo "2271"]
[BlackElo "2471"]
[Result "1/2-1/2"]
[Round "02"]
[TimeControl "180+1"]
[Date "2022.05.24"]
[WhiteClock "0:00:06"]
[BlackClock "0:00:13"]

1. d4 Nf6 2. c4 e6 3. Nf3 b6 4. g3 Bb7 5. Bg2 Bb4+ 6. Nbd2 O-O 7. O-O Re8 8. Qc2 d5 9. Ne5 c5 10. Ndf3 cxd4 11. Nxd4 h6 12. Rd1 Qe7 13. a3 Bc5 14. b4 Bxd4 15. Rxd4 dxc4 16. Bxb7 Qxb7 17. Qxc4 Rc8 18. Qb3 Nc6 19. Nxc6 Rxc6 20. Bb2 Rac8 21. Rad1 Qe7 22. R4d2 b5 23. f3 a6 24. e4 Rc4 25. Qe3 e5 26. Qb6 R4c6 27. Qf2 Qe6 28. Kg2 Kh7 29. h4 Ne8 30. Rd5 f6 31. R1d2 Nd6 32. Re2 Nc4 33. Bc1 Nb6 34. Rc5 Na4 35. Rxc6 Rxc6 36. Be3 Qb3 37. f4 Nc3 38. Rb2 Qc4 39. fxe5 Qxe4+ 40. Qf3 fxe5 41. Qxe4+ Nxe4 42. Re2 Kg6 43. Bg1 Rc4 44. Kf3 Nf6 45. Rxe5 Rc3+ 46. Re3 Rc6 47. Rd3 Kf5 48. Bc5 g5 49. hxg5 hxg5 50. Rd8 Re6 51. g4+ Nxg4 52. Rd5+ Ne5+ 53. Kg3 Rc6 54. Bd6 Ke6 55. Rxe5+ Kxd6 56. Rxg5 Rc3+ 57. Kf4 Rxa3 58. Ke4 Ra4 59. Rg6+ Kc7 60. Kd5 Ra1 61. Rg7+ Kb6 62. Rg6+ Kb7 63. Rg7+ Kc8 64. Kc6 Kd8 65. Rg8+ Ke7 66. Rg7+ Ke6 67. Kb6 Kd5 68. Rg4 Ra4 69. Rh4 Ra1 70. Rg4 Ke5 71. Rh4 Kd6 72. Rd4+ Ke5 73. Rh4 Kd5 74. Rg4 1/2-1/2


[Site "https://www.chess.com"]

[Event "Titled Tuesday Blitz May 24 Late 2022"]
[White "Semenenko, Dmytry"]
[Black "Sapunov, Evgeny"]
[WhiteFideId "14118645"]
[BlackFideId "4126661"]
[WhiteElo "2113"]
[BlackElo "2470"]
[Result "0-1"]
[Round "02"]
[TimeControl "180+1"]
[Date "2022.05.25"]
[WhiteClock "0:00:03"]
[BlackClock "0:00:22"]

1. Nf3 Nf6 2. c4 g6 3. d4 Bg7 4. Nc3 O-O 5. e4 d6 6. Be2 e5 7. dxe5 dxe5 8. Bg5 Nbd7 9. h3 Re8 10. O-O c6 11. Qd6 Bf8 12. Qd2 Qc7 13. Rfd1 Nh5 14. a3 a5 15. Be3 a4 16. Qc2 Qa5 17. b4 axb3 18. Qxb3 Nf4 19. Bf1 Ne6 20. Rd2 Qc7 21. a4 h6 22. Rad1 Kg7 23. Qb2 f6 24. Ne1 Bc5 25. Bxc5 Ndxc5 26. Qb4 Qa5 27. Qxa5 Rxa5 28. Ra2 Kf7 29. Nd3 Ke7 30. Nxc5 Nxc5 31. f3 Be6 32. Rb1 Rea8 33. Kf2 g5 34. Ke3 Kd6 35. Rd1+ Kc7 36. Rda1 h5 37. g3 Rd8 38. Be2 Raa8 39. a5 h4 40. g4 Bc8 41. Rb2 Ne6 42. Rd2 Rd4 43. Raa2 Ra7 44. Ra3 Kd6 45. Raa2 b6 46. axb6 Rb7 47. Na4 c5 48. Rab2 Bd7 49. Nc3 Bc6 50. Nd5 Bxd5 51. cxd5 Nf4 52. Ba6 Rb8 53. b7 Nxh3 54. Rb6+ Ke7 55. d6+ Ke6 56. Rxd4 exd4+ 57. Kd2 Nf4 58. Bc4+ Kd7 59. Bb5+ Kd8 60. d7 Kc7 61. Rxf6 Kxb7 62. Rf7 Rd8 63. Rg7 Kb6 64. Ba4 c4 65. Rxg5 c3+ 66. Kc2 Kc7 67. Rf5 h3 68. Rf6 Rb8 69. Rh6 Rb2+ 70. Kd1 Nd3 71. Rc6+ Kb7 72. d8=N+ Kb8 0-1


[Site "https://www.chess.com"]

[Event "Titled Tuesday Blitz May 24 Late 2022"]
[White "Shimanov, Aleksandr"]
[Black "Papp, Levente"]
[WhiteFideId "4198603"]
[BlackFideId "751243"]
[WhiteElo "2605"]
[BlackElo "2308"]
[Result "1-0"]
[Round "02"]
[TimeControl "180+1"]
[Date "2022.05.24"]
[WhiteClock "0:00:55"]
[BlackClock "0:00:33"]

1. e4 e6 2. Nf3 d5 3. e5 b6 4. h4 Ba6 5. d3 c5 6. Bf4 Nc6 7. Nbd2 Nh6 8. c3 f6 9. Qe2 Qd7 10. Bxh6 gxh6 11. exf6 O-O-O 12. g4 e5 13. g5 Qc7 14. Qe3 Bd6 15. O-O-O e4 16. dxe4 Bxf1 17. Rhxf1 Bf4 18. Qe2 Rhe8 19. Kb1 c4 20. Rfe1 b5 21. Qf1 d4 22. Nxd4 Nxd4 23. cxd4 Rxd4 24. Nf3 Rdxe4 25. Rxe4 Rxe4 26. Qh3+ Kb8 27. Qf5 Re8 28. Qxb5+ 1-0


[Site "https://www.chess.com"]

[Event "Titled Tuesday Blitz May 24 Late 2022"]
[White "Sibilio, Mario"]
[Black "Dilanyan, Grigor"]
[WhiteFideId "800422"]
[BlackFideId "13303570"]
[WhiteElo "2296"]
[BlackElo "2279"]
[Result "1-0"]
[Round "02"]
[TimeControl "180+1"]
[Date "2022.05.25"]
[WhiteClock "0:00:09"]
[BlackClock "0:01:54"]

1. e4 e5 2. Nf3 Nc6 3. Bb5 a6 4. Ba4 Nf6 5. d3 b5 6. Bb3 Be7 7. a4 Rb8 8. axb5 axb5 9. O-O O-O 10. Re1 d6 11. h3 Be6 12. Nbd2 Qd7 13. c3 b4 14. Ba4 Rb6 15. d4 exd4 16. cxd4 d5 17. Ne5 Nxe5 18. dxe5 Qc8 19. exf6 Bxf6 20. exd5 Bxh3 21. gxh3 Bxb2 22. Bxb2 Qxh3 23. Re3 Rg6+ 24. Rg3 Rxg3+ 25. fxg3 Qxg3+ 26. Kf1 Qf4+ 27. Nf3 Rb8 28. Be5 Qf5 29. Bc2 Qh3+ 30. Kf2 b3 31. Rb1 Re8 32. Rxb3 Qh5 33. Re3 Rc8 34. Qd3 g6 35. Bc3 Rf8 36. Qd4 f6 37. d6 cxd6 38. Bb3+ Kg7 39. Re7+ Kh6 40. Bd2+ g5 41. Bxg5+ fxg5 42. Qg7# 1-0


[Site "https://www.chess.com"]

[Event "Titled Tuesday Blitz May 24 Late 2022"]
[White "Silva, Pedro Gil Ferreira Da"]
[Black "Krishnan, Varun"]
[WhiteFideId "1946102"]
[BlackFideId "5054508"]
[WhiteElo "1863"]
[BlackElo "2553"]
[Result "1/2-1/2"]
[Round "02"]
[TimeControl "180+1"]
[Date "2022.05.25"]
[WhiteClock "0:00:34"]
[BlackClock "0:00:15"]

1. e4 c5 2. Nf3 e6 3. d4 cxd4 4. Nxd4 Nc6 5. Nc3 Qc7 6. g3 Nf6 7. Bg2 Bb4 8. O-O O-O 9. Ndb5 Qb8 10. Bf4 e5 11. Bg5 Be7 12. Bxf6 Bxf6 13. Nd5 Bd8 14. a4 a6 15. Na3 b5 16. axb5 axb5 17. c3 d6 18. Qb3 b4 19. Nxb4 Nxb4 20. Qxb4 Qxb4 21. cxb4 Rb8 22. b5 Bd7 23. Rfd1 Be7 24. Bf1 Rfc8 25. Bc4 g6 26. b3 Kg7 27. Rd5 h5 28. Rad1 Ra8 29. Nc2 Be6 30. R5d3 Bxc4 31. bxc4 Rxc4 32. Ne3 Rxe4 33. Nd5 Bd8 34. b6 Rb8 35. Rb1 Rb7 36. Ra3 Rd4 37. Ra7 Rb8 38. Nc7 Bxc7 39. Rxc7 Ra4 40. b7 Ra7 41. Rd7 d5 42. Rxd5 Raxb7 43. Rxb7 Rxb7 44. Rxe5 Rb6 45. Re3 Rf6 46. Kg2 Rd6 47. h4 Rd5 48. Rf3 Rd6 49. Re3 Rd5 50. Rf3 Rc5 51. Re3 Rc6 52. Rf3 Rb6 53. Re3 Rf6 54. Re4 Rf5 55. Re3 Rd5 1/2-1/2


[Site "https://www.chess.com"]

[Event "Titled Tuesday Blitz May 24 Late 2022"]
[White "Stevens, Christian"]
[Black "Bryakin, Mikhail"]
[WhiteFideId "2604450"]
[BlackFideId "4165314"]
[WhiteElo "2539"]
[BlackElo "2417"]
[Result "0-1"]
[Round "02"]
[TimeControl "180+1"]
[Date "2022.05.24"]
[WhiteClock "0:00:01"]
[BlackClock "0:01:01"]

1. Nf3 c5 2. c4 Nf6 3. Nc3 Nc6 4. d4 cxd4 5. Nxd4 g6 6. e4 Bg7 7. Be3 O-O 8. Be2 d6 9. Qd2 a5 10. f3 Bd7 11. Rc1 a4 12. O-O Qa5 13. Rfd1 Rfc8 14. Bf1 Nxd4 15. Bxd4 Be6 16. b3 axb3 17. axb3 Qb4 18. Rb1 Nd7 19. Nd5 Bxd4+ 20. Qxd4 Bxd5 21. exd5 Qc5 22. Qxc5 Nxc5 23. b4 Nd7 24. Ra1 b6 25. f4 Kf8 26. Kf2 Nf6 27. Kf3 h5 28. Bd3 Ke8 29. g3 Kd8 30. h3 b5 31. Rxa8 Rxa8 32. c5 Ra3 33. Kf2 Ra2+ 34. Kf3 Ra3 35. Kf2 Nxd5 36. Bxb5 Nc3 37. Rd3 Nxb5 0-1


[Site "https://www.chess.com"]

[Event "Titled Tuesday Blitz May 24 Late 2022"]
[White "Stojanovski, Sandi"]
[Black "Koniahli, Malek."]
[WhiteFideId "1403249"]
[BlackFideId "7603495"]
[WhiteElo "2318"]
[BlackElo "2097"]
[Result "1-0"]
[Round "02"]
[TimeControl "180+1"]
[Date "2022.05.25"]
[WhiteClock "0:00:01"]
[BlackClock "0:00:42"]

1. d3 Nf6 2. Nf3 d5 3. g3 e6 4. Bg2 Be7 5. O-O O-O 6. c4 d4 7. e3 c5 8. exd4 cxd4 9. Re1 Nc6 10. a3 a5 11. Ne5 Nxe5 12. Rxe5 Nd7 13. Re1 Nc5 14. Qc2 f6 15. Nd2 e5 16. Ne4 Nxe4 17. Bxe4 Rb8 18. Bd2 Be6 19. b4 axb4 20. axb4 Qd7 21. b5 Bc5 22. Qa4 Rfe8 23. Bb4 Qd6 24. Bxc5 Qxc5 25. Qa3 Qc7 26. c5 Rbc8 27. c6 bxc6 28. Bxc6 Red8 29. Rec1 Qb6 30. Qa7 Rb8 31. Qe7 Bf7 32. Ra7 Rf8 33. Bd5 Qxa7 34. Qxa7 Bxd5 35. b6 Rb7 36. Qa5 Bf3 37. Rc7 Rfb8 38. Rxb7 Rxb7 39. g4 h5 40. gxh5 Kh7 41. h4 Kh6 42. Kh2 Rd7 43. Kg3 Bb7 44. Qc5 Kxh5 45. Qf8 Bc6 46. Qh8+ Kg6 47. f4 exf4+ 48. Kxf4 Kf7 49. Qb8 Re7 50. Qd6 Bh1 51. Qxd4 Bb7 52. Qc5 Rd7 53. d4 Bd5 54. h5 Bb7 55. Qc4+ Bd5 56. Qc5 Rd6 57. Qc7+ Rd7 58. Qxd7+ Kg8 59. Qxd5+ Kh7 60. Qc6 g5+ 61. Kf5 Kh6 62. Kxf6 Kxh5 63. Qb7 g4 64. Qc7 Kh4 65. b7 g3 66. b8=Q g2 67. Qh2+ Kg4 68. Qxg2+ Kh5 69. Qbh2# 1-0


[Site "https://www.chess.com"]

[Event "Titled Tuesday Blitz May 24 Late 2022"]
[White "Suder, Jakub"]
[Black "Sarkar, Justin"]
[WhiteFideId "1195310"]
[BlackFideId "2010011"]
[WhiteElo "2058"]
[BlackElo "2020"]
[Result "1-0"]
[Round "02"]
[TimeControl "180+1"]
[Date "2022.05.25"]
[WhiteClock "0:01:55"]
[BlackClock "0:00:01"]

1. d4 Nf6 2. c4 e6 3. Nc3 Bb4 4. f3 d5 5. a3 Bxc3+ 6. bxc3 h6 7. cxd5 exd5 8. e3 Bf5 9. Ne2 c6 10. g4 Be6 11. Ng3 h5 12. g5 Nfd7 13. h4 f5 14. e4 fxe4 15. fxe4 g6 16. Bd3 O-O 17. e5 Qe8 18. a4 a5 19. Ba3 Rf4 20. Qd2 Rf3 21. Ne2 Bf5 22. Bxf5 Rxf5 23. O-O-O Nf8 24. Rdf1 Rxf1+ 25. Rxf1 Nbd7 26. Qf4 Ne6 27. Qf3 1-0


[Site "https://www.chess.com"]

[Event "Titled Tuesday Blitz May 24 Late 2022"]
[White "Sydoryka, Vladyslav"]
[Black "Ardila, Oscar Humberto"]
[WhiteFideId "14145928"]
[BlackFideId "4404742"]
[WhiteElo "2283"]
[BlackElo "1928"]
[Result "1-0"]
[Round "02"]
[TimeControl "180+1"]
[Date "2022.05.25"]
[WhiteClock "0:00:53"]
[BlackClock "0:00:16"]

1. d4 Nf6 2. c4 e6 3. Nc3 Bb4 4. f3 d5 5. a3 Bxc3+ 6. bxc3 O-O 7. cxd5 exd5 8. e3 Bf5 9. Ne2 Re8 10. g4 Bg6 11. h4 h5 12. g5 Nh7 13. Nf4 Qd6 14. Kf2 Nd7 15. Qb3 Nb6 16. a4 a5 17. Ba3 Qd7 18. Bb5 c6 19. Be2 Nc8 20. c4 dxc4 21. Bxc4 Nf8 22. Rad1 Ne7 23. d5 Nxd5 24. Bxd5 cxd5 25. Rxd5 Qc6 26. Rc1 Qa6 27. Rd6 Qa7 28. Nxg6 Nxg6 29. Rxg6 Rxe3 30. Qxe3 Qxe3+ 31. Kxe3 fxg6 32. Rc7 Re8+ 33. Kf2 b6 34. Bb2 Rd8 35. Rxg7+ Kf8 36. Bf6 Rd2+ 37. Kg3 Ra2 38. Rxg6 Rxa4 39. Rh6 Kf7 40. Rxh5 Ra2 41. Rh7+ Ke6 42. Kg4 Ra4+ 43. f4 Ra3 44. Re7+ Kd5 45. Re5+ Kd6 46. Be7+ 1-0


[Site "https://www.chess.com"]

[Event "Titled Tuesday Blitz May 24 Late 2022"]
[White "Szente Varga, Fruzsina"]
[Black "Adewumi, Tanitoluwa"]
[WhiteFideId "712264"]
[BlackFideId "30966396"]
[WhiteElo "1994"]
[BlackElo "2521"]
[Result "1-0"]
[Round "02"]
[TimeControl "180+1"]
[Date "2022.05.25"]
[WhiteClock "0:01:06"]
[BlackClock "0:01:00"]

1. e4 c5 2. Nf3 e6 3. b3 Nf6 4. e5 Nd5 5. Bb2 Ne7 6. g3 Nf5 7. Bg2 Nc6 8. O-O g6 9. c3 Bg7 10. d4 O-O 11. Nbd2 cxd4 12. cxd4 d6 13. Ne4 dxe5 14. dxe5 Qc7 15. Nf6+ Kh8 16. g4 Rd8 17. Qc1 Nfe7 18. Ng5 Nd5 19. Ngxh7 Nxf6 20. Nxf6 Qe7 21. Qg5 Bxf6 22. exf6 Qf8 23. Rfd1 Bd7 24. Rd3 1-0


[Site "https://www.chess.com"]

[Event "Titled Tuesday Blitz May 24 Late 2022"]
[White "Taboas Rodriguez, Daniel"]
[Black "Wesolowska, Hanna"]
[WhiteFideId "2208466"]
[BlackFideId "1104683"]
[WhiteElo "2429"]
[BlackElo "2394"]
[Result "1/2-1/2"]
[Round "02"]
[TimeControl "180+1"]
[Date "2022.05.25"]
[WhiteClock "0:00:19"]
[BlackClock "0:00:17"]

1. d4 Nf6 2. Nf3 c5 3. d5 g6 4. c4 b5 5. cxb5 a6 6. b6 Qxb6 7. Nc3 Bg7 8. e4 d6 9. Nd2 O-O 10. Nc4 Qc7 11. a4 Bd7 12. Bd3 a5 13. O-O Na6 14. Na3 Nb4 15. Bb5 Rab8 16. Re1 e6 17. dxe6 Bxe6 18. Bf4 Rfd8 19. Bf1 Nh5 20. Nab5 Qb6 21. Bxd6 c4 22. e5 Nf4 23. Qf3 Nbd3 24. Bxb8 Qxb8 25. Bxd3 Nxd3 26. Re2 Bxe5 27. h3 Bh2+ 28. Kh1 Be5 29. Qe3 Bf4 30. Qa7 Qc8 31. Kg1 Bxh3 32. gxh3 Qxh3 33. Qb7 Bh2+ 34. Kh1 Bg3+ 35. Kg1 Bh2+ 36. Kh1 Bg3+ 37. Kg1 Bh2+ 1/2-1/2


[Site "https://www.chess.com"]

[Event "Titled Tuesday Blitz May 24 Late 2022"]
[White "Toncheva, Nadya"]
[Black "Vajda, Levente"]
[WhiteFideId "2924056"]
[BlackFideId "1203975"]
[WhiteElo "1888"]
[BlackElo "2573"]
[Result "0-1"]
[Round "02"]
[TimeControl "180+1"]
[Date "2022.05.25"]
[WhiteClock "0:00:03"]
[BlackClock "0:00:35"]

1. e4 e5 2. Nf3 Nc6 3. Bc4 Bc5 4. c3 Nf6 5. d3 O-O 6. O-O d5 7. exd5 Nxd5 8. h3 Nb6 9. Bb5 Bd6 10. Re1 Re8 11. Nbd2 a6 12. Bxc6 bxc6 13. d4 exd4 14. Nxd4 c5 15. N4b3 Bb7 16. Na5 Bd5 17. Nf1 Qh4 18. Ne3 Qf4 19. Ng4 Qf5 20. Be3 h5 21. Nh2 Rad8 22. Qe2 Qg6 23. Nf3 Re4 24. Rad1 Rde8 25. b3 Ba8 26. Kf1 Rf4 27. Qd2 Rxf3 28. gxf3 Bxf3 29. Bg5 Rxe1+ 30. Rxe1 Qf5 31. Re3 Qxh3+ 0-1


[Site "https://www.chess.com"]

[Event "Titled Tuesday Blitz May 24 Late 2022"]
[White "Urbina Perez, Juan Antonio"]
[Black "Shapiro, Daniel"]
[WhiteFideId "2217368"]
[BlackFideId "2001780"]
[WhiteElo "2192"]
[BlackElo "2261"]
[Result "1-0"]
[Round "02"]
[TimeControl "180+1"]
[Date "2022.05.25"]
[WhiteClock "0:00:53"]
[BlackClock "0:00:09"]

1. d4 Nf6 2. Nf3 b6 3. g3 e6 4. Bg2 Bb7 5. O-O d5 6. c4 c6 7. cxd5 cxd5 8. Nc3 Be7 9. Bf4 O-O 10. Nb5 Nc6 11. Rc1 Rc8 12. Ne5 Nxe5 13. Bxe5 Rxc1 14. Qxc1 a6 15. Nc3 b5 16. Qd2 Nd7 17. Bf4 Nb6 18. b3 Bb4 19. Rc1 Qe7 20. Qd3 Rc8 21. Nd1 Rxc1 22. Bxc1 h6 23. Qc2 Bd6 24. Nb2 Qc7 25. Qxc7 Bxc7 26. Nd3 Nd7 27. Ba3 Bb6 28. e3 a5 29. b4 Bc7 30. Nc5 Nxc5 31. bxc5 b4 32. Bb2 Ba6 33. Bf1 Bc4 34. a3 Kf8 35. f4 f5 36. Kf2 Ke8 37. Be2 Kd7 38. Bh5 Bb5 39. axb4 axb4 40. Bd1 Ba5 41. Bc1 Bc4 42. Bd2 Kc7 43. Ke1 Kc6 44. Ba4+ Bb5 45. Bb3 Kb7 46. Kd1 Ka6 47. Kc2 Bc6 48. Kb2 Kb5 49. Bd1 Bc7 50. Kb3 1-0


[Site "https://www.chess.com"]